 Dungeon Crawl Stone Soup version 0.25-a0-167-g836c352ace (webtiles) character file.

Game seed: 236236090404071398, levelgen mode: deterministic

17913 Leeroy the Destroyer (level 12, -30/121 HPs)
             Began as a Grey Draconian Conjurer on Nov 25, 2019.
             Was a High Priest of Okawaru.
             Killed from afar by Jorgrun (60 damage)
             ... with an iron shot
             ... on level 13 of the Dungeon.
             The game lasted 00:48:23 (16417 turns).

Leeroy the Destroyer (Grey Draconian Conjurer)     Turns: 16417, Time: 00:48:24

Health: -30/121    AC: 26    Str: 10    XL:     12   Next: 23%
Magic:  11/26      EV: -1    Int: 27    God:    Okawaru [*****.]
Gold:   2276       SH:  0    Dex: 12    Spells: 13/31 levels left

rFire    . . .     SeeInvis +   C - +6 rapier "Pergh" {pierce, rElec Int+6 SInv}
rCold    . . .     Gourm    .   (no shield)
rNeg     + + +     Faith    .   (armour unavailable)
rPois    +         Spirit   .   (helmet currently unavailable)
rElec    +         Reflect  .   (cloak currently unavailable)
rCorr    .         Harm     .   (gloves currently unavailable)
MR       .....     NoTele   +   (boots currently unavailable)
Stlth    +++.......             q - amulet of regeneration
HPRegen  0.70/turn              r - +3 ring of slaying
MPRegen  0.20/turn              a - ring of see invisible

@: tree-form, heroism, grasped by roots, constricted
A: (walk through water), unfitting armour, AC +13
a: Heroism, Finesse, Renounce Religion


You were on level 13 of the Dungeon.
You worshipped Okawaru.
Okawaru was extremely pleased with you.
You were not hungry.
You were a tree.
You visited 3 branches of the dungeon, and saw 15 of its levels.
You also visited: Ossuary and Bailey.

You collected 2456 gold pieces.
You spent 180 gold pieces at shops.

Inventory:

Hand Weapons
 o - a +1 short sword of speed
 s - a +1 great sword of flaming
 u - a +1 flail of holy wrath
 C - the +6 rapier "Pergh" (weapon) {pierce, rElec Int+6 SInv}
   (You bought it in a shop on level 4 of the Dungeon)

   It inflicts extra damage upon your enemies.
   It affects your intelligence (+6).
   It insulates you from electricity.
   It lets you see invisible.
 Z - the +3 great mace of Saltpetre {crush, +Blink Str+2}
   (Okawaru gifted it to you on level 10 of the Dungeon)

   It inflicts extra damage upon your enemies.
   It affects your strength (+2).
   It lets you blink.
Missiles
 e - 416 stones (quivered)
 f - a throwing net
 g - 54 poisoned darts
 p - 7 atropa-tipped darts
 S - 4 silver boomerangs
 V - 53 boomerangs
 Y - 6 javelins
Armour
 j - a +2 pair of gloves of dexterity (melded)
 A - a +2 cloak (melded)
 W - a +0 buckler
Magical Staves
 O - an uncursed staff of poison
Jewellery
 a - a ring of see invisible (right branch)
 d - a +3 ring of protection {unknown}
 q - an amulet of regeneration (around neck)
 r - a +3 ring of slaying (left branch)
Wands
 v - a wand of enslavement (9)
 D - a wand of random effects (31)
 H - a wand of digging (3)
 K - a wand of disintegration (13)
 M - a wand of flame (1)
 R - a wand of polymorph (7)
 T - a wand of iceblast (9)
Scrolls
 c - a scroll of blinking
 i - 2 scrolls of amnesia {unknown}
 l - 5 scrolls of teleportation
 m - 4 scrolls of immolation
 n - 3 scrolls of fog {unknown}
 t - 10 scrolls of remove curse
 w - 2 scrolls of enchant weapon {unknown}
 y - a scroll of random uselessness {unknown}
 E - 2 scrolls of noise {unknown}
 J - a scroll of magic mapping {unknown}
 Q - a scroll of torment {unknown}
 U - 2 scrolls of fear {unknown}
Potions
 h - a potion of heal wounds {unknown}
 k - a potion of agility
 x - 6 potions of curing
 z - 3 potions of might
 B - 2 potions of mutation
 F - 3 potions of lignification
 G - 4 potions of ambrosia
 I - 5 potions of brilliance
 L - a potion of cancellation {unknown}
 N - 2 potions of flight
 P - a potion of magic {unknown}
Comestibles
 b - 23 rations


   Skills:
 - Level 9.6(14.6) Short Blades
 + Level 8.8(13.8) Dodging
 - Level 1.7(6.7) Stealth
 - Level 10.4 Spellcasting
 - Level 11.1 Conjurations
 - Level 1.0 Hexes


You had 13 spell levels left.
You knew the following spells:

 Your Spells              Type           Power        Failure   Level  Hunger
a - Magic Dart            Conj           ####         1%          1    None
b - Searing Ray           Conj           ######       1%          2    None
c - Iskenderun's Mystic   Conj           ######..     1%          4    None
d - Force Lance           Conj/Tloc      #####...     4%          4    None
e - Fulminant Prism       Conj/Hex       #####.....   3%          4    None
f - Dazzling Spray        Conj/Hex       #####.       1%          3    None

Your spell library contained the following spells:

 Spells                   Type           Power        Failure   Level  Hunger
 Confusing Touch          Hex            ###...       2%          1    None
 Animate Skeleton         Necr           N/A          4%          1    None
 Apportation              Tloc           ##....       4%          1    None
 Summon Small Mammal      Summ           ##..         4%          1    None
 Confuse                  Hex            ###.....     8%          3    None
 Gell's Gravitas          Tloc           ##........   12%         3    None
 Petrify                  Tmut/Erth      ##......     38%         4    None
 Metabolic Englaciation   Hex/Ice        ###.......   67%         5    ###....
 Yara's Violent Unravell  Hex/Tmut       ###.......   67%         5    ###....


Dungeon Overview and Level Annotations

Branches:
Dungeon (13/15)            Temple (0/1) D:6            Lair (1/6) D:8
    Orc (1/2) D:11        Ossuary (visited)          Bailey (visited)
 Vaults: D:13-14

Altars:
Fedhas
Gozag
Kikubaaqudgha
Nemelex Xobeh
Okawaru
Qazlal
Sif Muna
Trog
Wu Jian

Shops:
D:4 (

Annotations:
D:3 3 runed translucent doors, Leeroy's ghost, amateur DrCj
D:13 Jorgrun
Orc:1 2 transporters, Ekotuph's ghost, journeyman DDGl


Innate Abilities, Weirdness & Mutations

((You can walk through water.))
((Your dull iron-grey scales are very hard. (AC +13)))
You cannot fit into any form of body armour.
((You can survive without breathing.))
((You are cold-blooded and may be slowed by cold attacks.))


Message History

The spray of energy hits Jorgrun.
Jorgrun is almost dead.
Jorgrun points at you and mumbles some strange words.
Roots burst forth from the earth!
The grasping roots grab you!
* * * LOW HITPOINT WARNING * * *
The grasping roots constrict you!
You feel better. Jorgrun hits you but does no damage.
* * * LOW HITPOINT WARNING * * *
The grasping roots constrict you.
Casting: Dazzling Spray (safe; 1% risk of failure)
Confirm with . or Enter, or press ? or * to list all spells.
Aiming: Dazzling Spray (safe; 1% risk of failure)
Press: ? - help, Shift-Dir - straight line, f/p - Jorgrun
Aim: Jorgrun, wielding a staff of earth and wearing a +2 robe of cold resistance (almost dead)
Okay, then.
You gain the combat prowess of a mighty hero.
Jorgrun points at you and mumbles some strange words.
The iron shot hits you!!!
You die...

########
#......#
#......#
###......#
.........#
......g♣<#
.#####+###


You could see Jorgrun.

Vanquished Creatures
  Harold (D:9)
  A hydra (D:12)
  2 two-headed ogres (D:11)
  2 orc knights
  Pikel (D:5)
  A wolf spider zombie (D:12)
  An ugly thing (D:10)
  2 manticores (D:11)
  Joseph (D:8)
  Maurice (D:8)
  A gargoyle (D:11)
  3 trolls
  Prince Ribbit (D:8)
  Grinder (D:5)
  A hippogriff (D:9)
  10 slime creatures
  Sigmund (D:5)
  3 wyverns
  A vampire (D:11)
  A basilisk (D:11)
  A hungry ghost (D:10)
  A water moccasin (Lair:1)
  Edmund (D:4)
  7 sky beasts
  2 black bears
  A hornet zombie (D:9)
  2 phantoms
  12 orc warriors
  2 ice beasts
  2 wolves (D:8)
  5 ogres
  2 centaurs (D:12)
  2 bullfrogs (D:10)
  A gnoll sergeant (D:11)
  A wyvern skeleton (D:11)
  5 water moccasin zombies (Ossuary)
  6 scorpions
  8 killer bees
  2 electric eels (D:8)
  4 wights (D:11)
  10 howler monkeys
  2 centaur zombies
  8 crimson imps
  A bullfrog zombie (D:6)
  2 bullfrog skeletons
  8 hounds
  3 orc priests
  2 jellies
  15 orc wizards
  2 centaur skeletons
  An iguana (D:7)
  6 worker ants
  A big kobold zombie (Ossuary)
  2 mummies (Ossuary)
  2 hound skeletons
  Robin (D:4)
  13 gnolls
  16 adders
  3 shadow imps
  A white imp (D:8)
  An ooze (D:3)
  3 adder skeletons
  7 adder zombies (Ossuary)
  A worm (D:5)
  5 dart slugs
  5 leopard geckos
  46 orcs
  7 bats
  A giant cockroach (D:1)
  20 goblins
  17 hobgoblins
  16 jackals
  21 kobolds
  3 quokkas
  3 ball pythons
  4 frilled lizards
  2 gnoll zombies (Ossuary)
  A hobgoblin zombie (Ossuary)
  4 kobold zombies (Ossuary)
  A leopard gecko skeleton (D:6)
  8 orc zombies (Ossuary)
  6 rats
384 creatures vanquished.

Vanquished Creatures (others)
  A slave (D:5)
  19 fulminant prisms
20 creatures vanquished.

Grand Total: 404 creatures vanquished

Notes
Turn   | Place    | Note
-------+----------+-------------------------------------------
     0 | D:1      | Leeroy the Draconian Conjurer began the quest for the Orb.
     0 | D:1      | Reached XP level 1. HP: 14/14 MP: 3/3
   150 | D:1      | Reached XP level 2. HP: 18/20 MP: 0/5
   155 | D:1      | Learned a level 2 spell: Searing Ray
   663 | D:1      | Reached skill level 5 in Conjurations
   681 | D:1      | Reached XP level 3. HP: 13/26 MP: 6/6
  2306 | D:2      | Reached XP level 4. HP: 33/33 MP: 7/7
  2653 | D:2      | Noticed an ogre
  2671 | D:2      | Killed an ogre
  2671 | D:2      | Reached skill level 6 in Conjurations
  2671 | D:2      | Reached XP level 5. HP: 38/38 MP: 2/8
  3299 | D:3      | Reached skill level 7 in Conjurations
  3398 | D:3      | Reached XP level 6. HP: 27/45 MP: 9/9
  3662 | D:3      | Found a blossoming altar of Fedhas.
  3705 | D:3      | Found a runed translucent gate.
  3706 | D:3      | Found a runed translucent gate.
  3707 | D:3      | Found a runed translucent gate.
  3709 | D:3      | Noticed Leeroy's ghost (amateur DrCj)
  3882 | D:4      | Found Myxilown's Antique Weapon Shoppe.
  3894 | D:4      | Bought an ancient rapier for 180 gold pieces
  3894 | D:4      | Identified the +6 rapier "Pergh" {pierce, rElec Int+6 SInv}
                  | (You bought it in a shop on level 4 of the Dungeon)
  3944 | D:4      | Noticed Robin
  3985 | D:4      | Killed Robin
  3986 | D:4      | Reached skill level 8 in Conjurations
  4273 | D:4      | Noticed Edmund
  4290 | D:4      | Killed Edmund
  4290 | D:4      | Your scales start taking on a dull iron-grey colour.
  4290 | D:4      | Reached XP level 7. HP: 43/50 MP: 2/10
  4290 | D:4      | Gained mutation: You can survive without breathing. [Grey
                  | Draconian growth]
  4371 | D:4      | Learned a level 4 spell: Iskenderun's Mystic Blast
  4636 | D:4      | Reached skill level 9 in Conjurations
  4941 | D:4      | Found an iron altar of Okawaru.
  5071 | D:4      | Became a worshipper of Warmaster Okawaru
  5114 | D:5      | Entered Level 5 of the Dungeon
  5300 | D:5      | Noticed Pikel
  5341 | D:5      | Noticed Sigmund
  5353 | D:5      | Killed Sigmund
  5353 | D:5      | Reached skill level 10 in Conjurations
  5353 | D:5      | Reached XP level 8. HP: 57/57 MP: 3/11
  5535 | D:5      | Found a sand-covered staircase.
  5541 | Ossuary  | Entered an ossuary
  5603 | Ossuary  | Reached * piety under Okawaru
  5628 | Ossuary  | Reached skill level 11 in Conjurations
  6076 | D:5      | Killed Pikel
  6076 | D:5      | Reached ** piety under Okawaru
  6076 | D:5      | Reached skill level 5 in Spellcasting
  6076 | D:5      | Reached XP level 9. HP: 49/62 MP: 13/17
  6176 | D:6      | Noticed Grinder
  6178 | D:6      | Found a staircase to the Ecumenical Temple.
  6183 | D:6      | Paralysed by Grinder for 6 turns
  6215 | D:5      | Killed Grinder
  6425 | D:6      | Reached *** piety under Okawaru
  6446 | D:6      | Found an opulent altar of Gozag.
  8024 | D:7      | Learned a level 4 spell: Force Lance
  8127 | D:7      | Learned a level 4 spell: Fulminant Prism
  8131 | D:7      | Learned a level 3 spell: Dazzling Spray
  8157 | D:7      | Found a sparkling altar of Nemelex Xobeh.
  8296 | D:7      | Paralysed by a hornet for 3 turns
  8611 | D:8      | Noticed a troll
  8632 | D:8      | Killed a troll
  8701 | D:8      | Reached skill level 1 in Hexes
  8712 | D:8      | Noticed Maurice
  8978 | D:8      | Noticed Prince Ribbit
  8985 | D:8      | Killed Prince Ribbit
  8985 | D:8      | Reached **** piety under Okawaru
  9095 | D:8      | Reached XP level 10. HP: 31/69 MP: 12/23
  9277 | D:8      | Killed Maurice
  9595 | D:8      | Received a gift from Okawaru
  9648 | D:8      | Reached skill level 10 in Spellcasting
  9736 | D:8      | Noticed Joseph
  9781 | D:8      | Killed Joseph
  9982 | D:8      | Found a staircase to the Lair.
  9993 | Lair:1   | Entered Level 1 of the Lair of Beasts
 10129 | D:8      | Reached skill level 1 in Short Blades
 10276 | D:8      | Found a shimmering blue altar of Sif Muna.
 10365 | D:9      | Found a stormy altar of Qazlal.
 10367 | D:9      | Found a bloodstained altar of Trog.
 10367 | D:9      | Found an ancient bone altar of Kikubaaqudgha.
 10574 | D:9      | Reached ***** piety under Okawaru
 10691 | D:9      | Noticed Harold
 10833 | D:9      | Found an ornate altar of the Wu Jian Council.
 10949 | D:9      | Found a blossoming altar of Fedhas.
 11063 | D:9      | Reached skill level 5 in Short Blades
 11080 | D:9      | Killed Harold
 11263 | D:10     | Entered Level 10 of the Dungeon
 11308 | D:10     | Received a gift from Okawaru
 11327 | D:10     | Reached XP level 11. HP: 52/74 MP: 25/25
 11419 | D:10     | Found a flagged portal.
 11430 | Bailey   | Entered a bailey
 11578 | Bailey   | Noticed an orc knight
 11608 | Bailey   | Killed an orc knight
 12187 | D:11     | Noticed a green ugly thing
 12190 | D:11     | Noticed a two-headed ogre
 12217 | D:10     | Received a gift from Okawaru
 12219 | D:10     | Got an ancient great mace {god gift}
 12220 | D:10     | Identified the +3 great mace of Saltpetre {crush, +Blink
                  | Str+2} (Okawaru gifted it to you on level 10 of the
                  | Dungeon)
 13328 | D:11     | Killed a two-headed ogre
 13331 | D:11     | Found a staircase to the Orcish Mines.
 13364 | D:11     | Noticed a two-headed ogre
 13373 | D:11     | Killed a two-headed ogre
 13373 | D:11     | Reached skill level 5 in Dodging
 13967 | D:11     | Received a gift from Okawaru
 14834 | D:12     | Reached XP level 12. HP: 81/81 MP: 26/26
 14892 | D:12     | Noticed an eight-headed hydra
 15239 | D:12     | Killed a three-headed hydra
 15330 | D:13     | Noticed a tengu warrior
 15390 | Orc:1    | Entered Level 1 of the Orcish Mines
 15525 | Orc:1    | Found a transporter.
 15525 | Orc:1    | Noticed Ekotuph's ghost (journeyman DDGl)
 15529 | Orc:1    | Found a transporter.
 16406 | D:13     | Noticed Jorgrun
 16417 | D:13     | Killed from afar by Jorgrun

Levels and vault maps discovered:
D:1:      dpeg_arrival_simpleton_b, layout_basic
D:2:      layout_loops_corners, first_ration
D:3:      layout_basic, ebering_ghost_rock_garden, fedhas_altar_1
D:4:      layout_loops_ring, serial_shops,
          nicolae_shop_temple_entry_statues_fountains,
          okawaru_altar_gauntlet_db, uniq_robin, uniq_edmund
D:5:      layout_loops_corners, lightli_ossuary_entry_decrepit_ruins,
          uniq_pikel, uniq_sigmund
D:6:      minmay_klotski, layout_loops_ring, minmay_temple_entry_proselytizer,
          minmay_ruined_shrine, uniq_eustachio, uniq_blork_the_orc, uniq_grinder
D:7:      layout_loops_corners, lemuel_coloured_pillars_altar
D:8:      kennysheep_orc_sif_temple, layout_loops_ring, erik_lair_island,
          grunt_livestock, serial_bayou_pond_e, minmay_nine_imps, uniq_joseph,
          uniq_maurice, uniq_prince_ribbit1
D:9:      layout_rooms, chequers_temple_overflow_statue_of_worship,
          lemuel_doored_altar, kennysheep_mini_moat, uniq_harold
D:10:     layout_rooms, enter_bailey_2
D:11:     layout_irregular_city, david_orc_3
D:12:     layout_small_grid
D:13:     layout_stronghold, uniq_jorgrun
Lair:1:   layout_regular_city, minmay_lair_oklob_chamber
Orc:1:    layout_caves, gammafunk_ghost_arena

Skill      XL: |  1  2  3  4  5  6  7  8  9 10 11 12 |
---------------+-------------------------------------+-----
Conjurations   | 5 6 7 8 10 11 | 11.1
Spellcasting   | 5 9 10 | 10.4
Hexes          | 1 |  1.0
Short Blades   | 7 9 |  9.6
Dodging        | 7 8 |  8.8
Stealth        | |  1.7

Action                   |  1- 3 |  4- 6 |  7- 9 | 10-12 || total
-------------------------+-------+-------+-------+-------++-------
Melee: Unarmed           |    30 |       |       |     4 ||    34
       Tailslap          |    13 |    11 |    29 |    41 ||    94
       Dagger            |   105 |       |       |       ||   105
       Short sword       |    26 |   172 |       |       ||   198
       Rapier            |       |    50 |   344 |   458 ||   852
       Great mace        |       |       |       |    13 ||    13
       Great sword       |       |       |       |    13 ||    13
 Cast: Magic Dart        |     1 |       |       |     6 ||     7
       Searing Ray       |     3 |     7 |     1 |    10 ||    21
       Iskenderun's Myst |       |       |    12 |    54 ||    66
       Dazzling Spray    |       |       |     3 |    26 ||    29
       Fulminant Prism   |       |       |     2 |    18 ||    20
       Force Lance       |       |       |     1 |    32 ||    33
Invok: Heroism           |       |       |       |     2 ||     2
Evoke: Wand              |       |       |       |    17 ||    17
  Use: Scroll            |       |       |     1 |    16 ||    17
       Potion            |       |       |     1 |     2 ||     3
 Stab: Sleeping          |     4 |     2 |     7 |     4 ||    17
       Invisible         |       |       |       |     5 ||     5
       Paralysed         |       |       |       |     1 ||     1
  Eat: Chunk             |     1 |     7 |    14 |    24 ||    46
       Ration            |     1 |       |     1 |     1 ||     3
Armor: Skin              |    67 |    89 |   189 |   279 ||   624
Dodge: Dodged            |   152 |   147 |   268 |   396 ||   963
       Rpst.: Great sword |       |       |       |     8 ||     8

Table legend:
 A = Non-vault XP
 B = Vault XP
 C = Vault XP percentage of total XP
 D = Non-vault monster count
 E = Vault monster count
 F = Vault count percentage of total count
                 A         B        C        D         E       F
            +---------+---------+-------+---------+---------+-------
      Total |   18649 |    6942 |  27.1 |     267 |     117 |  30.5
            +---------+---------+-------+---------+---------+-------
        D:1 |      41 |       0 |   0.0 |      21 |       0 |   0.0
        D:2 |     219 |       0 |   0.0 |      30 |       0 |   0.0
        D:3 |     209 |       0 |   0.0 |      24 |       0 |   0.0
        D:4 |     394 |     230 |  36.9 |      15 |      18 |  54.5
        D:5 |     762 |    1266 |  62.4 |      22 |       6 |  21.4
        D:6 |     259 |     128 |  33.1 |      13 |       4 |  23.5
        D:7 |     448 |       0 |   0.0 |      11 |       0 |   0.0
        D:8 |     578 |    2519 |  81.3 |      13 |      22 |  62.9
        D:9 |    1408 |     992 |  41.3 |      25 |       1 |   3.8
       D:10 |    1436 |     133 |   8.5 |      12 |       1 |   7.7
       D:11 |    6885 |      42 |   0.6 |      44 |       3 |   6.4
       D:12 |    5712 |       0 |   0.0 |      33 |       0 |   0.0
     Lair:1 |     159 |       0 |   0.0 |       1 |       0 |   0.0
      Orc:1 |     139 |       0 |   0.0 |       3 |       0 |   0.0
    Ossuary |       0 |     497 | 100.0 |       0 |      30 | 100.0
     Bailey |       0 |    1135 | 100.0 |       0 |      32 | 100.0
            +---------+---------+-------+---------+---------+-------
